Map: Fields of Death

Players

zod

  • Race: Protoss Protoss
  • League: Silver

MasteroP

  • Race: Zerg Zerg
  • League: Silver

JustJones

  • Race: Zerg Zerg

KORlDarkness

  • Race: Zerg Zerg

VOD

Have the link to the VOD?

Description

Time

  • Played on: Jan. 15, 2016, 4:58 p.m.
  • Length: 14:05
Show
View Real Time Build Order
Export as new Build Order

zod Protoss 

Build Orders: Oracle Opening 

Get SALT Encoding   

  12  0:01  Probe (Chrono Boost)  
  13  0:11  Probe (Chrono Boost)  
  14  0:21  Pylon  
  14  0:22  Probe (Chrono Boost)  
  15  0:39  Probe (Chrono Boost)  
  15  0:41  Gateway  
  16  0:48  Assimilator  
  16  0:50  Probe (Chrono Boost)  
  17  1:00  Probe (Chrono Boost)  
  18  1:04  Pylon  
  19  1:11  Probe (Chrono Boost)  
  19  1:21  Probe (Chrono Boost)  
  20  1:33  Cybernetics Core  
  20  1:45  Nexus  
  20  1:50  Pylon  
  20  1:52  Probe (Chrono Boost)  
  21  1:58  Zealot  
  23  2:11  Probe (Chrono Boost)  
  23  2:12  Warp Gate  
  24  2:23  Assimilator  
  24  2:35  Stargate  
  24  2:38  Gateway  
  24  2:40  Gateway  
  24  2:45  Probe (Chrono Boost)  
  24  2:50  Adept  
  27  2:56  Probe (Chrono Boost)  
  27  2:57  Probe (Chrono Boost)  
  29  3:06  Probe (Chrono Boost)  
  29  3:07  Probe (Chrono Boost)  
  31  3:17  Probe x2 (Chrono Boost), Adept  
  35  3:22  Oracle (Chrono Boost)  
  38  3:44  Probe  
  38  3:45  Probe  
  40  3:49  Adept  
  40  3:50  Adept  
  40  3:51  Adept  
  46  4:00  Probe  
  46  4:01  Probe  
  48  4:06  Forge  
  48  4:09  Pylon  
  48  4:12  Mothership Core  
  48  4:13  Probe  
  51  4:20  Assimilator  
  51  4:24  Assimilator  
  51  4:25  Probe  
  51  4:27  Protoss Air Weapons Level 1  
  50  4:32  Probe  
  50  4:37  Probe  
  46  4:41  Oracle (Chrono Boost)  
  45  4:51  Adept  
  47  4:52  Adept x2  
  51  5:13  Stalker  
  51  5:14  Stalker  
  45  5:43  Stalker  
  45  5:44  Stalker x2  
  51  5:59  Probe  
  51  6:00  Probe  
  53  6:09  Probe  
  54  6:14  Probe  
  52  6:20  Probe  
  36  6:47  Adept x3  
  42  6:59  Probe  
  42  7:00  Probe  
  44  7:10  Probe  
  44  7:12  Probe  
  46  7:25  Probe  
  47  7:34  Adept x3  
  47  7:36  Protoss Ground Weapons Level 1 (Chrono Boost)  
  53  7:41  Pylon  
  53  7:45  Pylon  
  53  7:47  Pylon  
  53  7:50  Pylon  
  53  7:54  Pylon  
  53  7:55  Pylon  
  53  7:59  Pylon  
  53  8:03  Gateway  
  45  8:06  Gateway  
  41  8:18  Adept x3  
  47  8:33  Photon Cannon  
  47  8:35  Photon Cannon  
  47  8:36  Photon Cannon  
  47  8:39  Photon Cannon  
  47  8:42  Pylon  
  34  9:08  Photon Cannon  
  34  9:11  Photon Cannon  
  34  9:13  Adept x3  
  34  9:14  Photon Cannon  
  40  9:18  Pylon  
  40  9:20  Pylon  
  40  9:22  Pylon  
  40  9:27  Probe  
  40  9:28  Probe  
  42  9:34  Void Ray (Chrono Boost)  
  42  9:38  Probe  
  46  9:40  Protoss Shields Level 1, Probe  
  46  9:42  Protoss Air Armor Level 1  
  48  9:45  Zealot  
  48  9:48  Probe  
  51  9:53  Probe  
  51  9:59  Stalker, Probe  
  54  10:00  Stalker  
  54  10:05  Probe  
  58  10:09  Probe  
  59  10:16  Photon Cannon  
  59  10:17  Probe  
  59  10:20  Probe, Photon Cannon  
  60  10:25  Photon Cannon  
  61  10:29  Probe  
  62  10:36  Adept, Pylon  
  62  10:38  Adept  
  66  10:42  Adept  
  62  11:13  Stalker x2  
  62  11:14  Stalker x2  
  62  11:15  Stalker  
  72  11:25  Nexus  
  72  11:27  Assimilator  
  72  11:30  Probe  
  72  11:31  Probe  
  72  11:32  Assimilator  
  74  11:50  Stargate  
  74  11:52  Stargate  
  74  11:53  Probe  
  74  11:54  Probe, Stargate  
  76  12:03  Probe  
  76  12:06  Probe  
  78  12:14  Probe  
  77  12:18  Probe  
  78  12:24  Probe  
  79  12:30  Probe  
  79  12:36  Void Ray (Chrono Boost)  
  88  12:38  Pylon  
  88  12:42  Void Ray (Chrono Boost)  
  92  12:45  Void Ray (Chrono Boost)  
  92  12:48  Probe x2  
  92  12:49  Probe  
  95  12:57  Twilight Council  
  95  12:59  Probe x2  
  95  13:02  Probe  
  98  13:09  Robotics Facility  
  98  13:26  Zealot  
  98  13:27  Zealot x4  
  78  13:59  Zealot x3  
  78  14:00  Zealot  
Show
View Real Time Build Order
Export as new Build Order

MasteroP Zerg 

Build Orders: Pool First 

Get SALT Encoding   

  12  0:01  Drone  
  13  0:12  Overlord  
  13  0:21  Drone  
  14  0:30  Drone x2  
  16  0:36  Drone  
  17  0:45  Drone  
  18  0:51  Spawning Pool  
  18  0:55  Drone  
  18  1:09  Drone, Extractor  
  18  1:22  Drone  
  19  1:30  Hatchery  
  19  1:31  Drone  
  19  1:39  Queen  
  21  1:44  Overlord  
  21  1:50  Drone  
  22  2:11  Zergling x4  
  22  2:14  Queen  
  26  2:21  Zergling x2  
  27  2:33  Drone  
  28  2:37  Extractor  
  28  2:42  Queen  
  29  2:45  Overlord  
  29  2:46  Drone  
  30  3:07  Drone x4  
  30  3:08  Drone  
  35  3:20  Drone x2  
  35  3:40  Drone x2  
  35  3:41  Drone x4  
  40  3:56  Roach Warren  
  40  3:57  Lair  
  39  4:06  Extractor  
  39  4:07  Drone x5  
  43  4:20  Drone  
  44  4:36  Overlord x3  
  44  4:43  Spine Crawler x2  
  42  4:46  Zergling x4  
  42  4:48  Hatchery  
  42  4:50  Roach  
  43  4:57  Roach x3  
  47  5:06  Roach x2  
  47  5:07  Roach x2  
  40  5:14  Roach  
  40  5:15  Roach  
  42  5:26  Roach x2  
  46  5:34  Zergling x2  
  46  5:35  Zergling x2  
  48  6:03  Drone x3  
  48  6:04  Drone x3  
  54  6:23  Roach  
  54  6:24  Roach x6  
  60  6:48  Zergling x12  
  60  6:49  Zergling x2  
  49  7:21  Roach x4  
  49  7:22  Roach x5  
  67  7:26  Zergling x2  
  67  7:28  Queen  
  60  7:43  Zergling x8  
  53  8:04  Zergling x2  
  53  8:05  Zergling x14  
  56  8:27  Zergling x4  
  56  8:28  Zergling x8  
  56  8:31  Queen  
  64  8:36  Zergling x2  
  64  8:37  Zergling x4  
  61  8:49  Drone x3  
  60  9:09  Drone x5  
  57  9:10  Drone x7  
  63  9:23  Extractor  
  57  9:41  Baneling Nest  
  57  9:42  Zergling x8  
  57  9:43  Zergling x4  
  62  9:46  Hatchery  
  61  10:02  Overlord x2  
  61  10:14  Hydralisk Den  
  61  10:17  Overlord x3  
  60  10:40  Baneling x3  
  60  10:41  Baneling x7  
  60  10:42  Baneling x2  
  60  10:43  Baneling x4  
  60  10:44  Baneling  
  60  10:53  Drone x8  
  60  10:54  Drone x3  
  71  11:06  Drone  
  71  11:07  Drone x3  
  75  11:12  Muscular Augments  
  75  11:24  Extractor  
  74  11:26  Extractor  
  74  11:32  Hydralisk x2  
  73  11:33  Hydralisk x3  
  83  11:42  Drone x3  
  85  12:10  Centrifical Hooks  
  85  12:23  Lurker Den  
  85  12:31  Hydralisk x2  
  85  12:32  Hydralisk x6  
  101  12:53  Overlord x4  
  101  13:24  Hydralisk x4  
  109  13:40  Hydralisk x5  
Show
View Real Time Build Order
Export as new Build Order

JustJones Zerg 

Build Orders: Hatch First, Lurkers 

Get SALT Encoding   

  12  0:05  Drone  
  13  0:12  Drone  
  14  0:16  Overlord  
  14  0:34  Drone  
  14  0:35  Drone  
  16  0:38  Drone  
  17  0:57  Drone  
  18  1:01  Hatchery  
  17  1:14  Drone, Spawning Pool  
  17  1:20  Overlord  
  17  1:35  Drone x2, Extractor  
  18  1:44  Drone  
  19  2:01  Overlord  
  19  2:13  Queen x2  
  19  2:15  Drone x3  
  26  2:26  Zergling x4  
  28  2:31  Extractor  
  28  2:36  Metabolic Boost  
  27  2:40  Drone x2  
  29  2:57  Drone x3  
  32  3:06  Drone  
  32  3:07  Drone  
  32  3:11  Zergling x2  
  34  3:19  Zergling x4  
  35  3:37  Zergling x8  
  35  3:38  Zergling x6  
  42  3:55  Drone  
  43  3:58  Overlord  
  43  3:59  Overlord x2  
  43  4:05  Hatchery, Spore Crawler  
  43  4:07  Spore Crawler  
  40  4:11  Drone x3  
  40  4:14  Overlord  
  43  4:19  Lair  
  36  4:57  Drone  
  36  4:58  Drone x5  
  41  5:20  Zergling x2  
  44  5:21  Zergling x8  
  42  5:42  Extractor  
  41  5:45  Drone x6, Extractor  
  46  5:51  Overlord  
  46  5:57  Hatchery  
  45  6:07  Hatchery  
  45  6:10  Drone x2  
  45  6:11  Drone x7  
  49  6:40  Zergling x2  
  49  6:41  Zergling x22  
  60  6:55  Zergling x2  
  60  6:56  Zergling x4  
  56  7:22  Spore Crawler  
  56  7:25  Zergling x2  
  56  7:26  Zergling x30  
  66  7:34  Hydralisk Den, Zergling x2  
  66  7:35  Zergling x6  
  66  7:44  Zergling x2  
  66  7:45  Zergling x8  
  71  7:55  Zergling x10  
  70  8:03  Zergling x16  
  72  8:19  Overlord x3  
  71  8:21  Drone  
  71  8:22  Drone x7  
  65  8:57  Overlord x5  
  65  8:58  Overlord x2  
  54  9:03  Evolution Chamber  
  54  9:08  Drone x4  
  57  9:12  Extractor  
  57  9:13  Extractor  
  57  9:14  Hydralisk  
  57  9:15  Hydralisk x9  
  57  9:16  Hydralisk  
  77  9:21  Muscular Augments  
  77  9:23  Hatchery  
  76  9:29  Zerg Missile Weapons Level 1  
  76  9:32  Drone x2  
  76  9:33  Drone x3  
  81  9:38  Drone  
  81  9:39  Drone x3  
  81  9:40  Drone  
  86  9:51  Zergling x2  
  86  9:52  Zergling x12  
  93  9:59  Hydralisk x2  
  97  10:00  Hydralisk  
  99  10:21  Hydralisk x5  
  99  10:22  Hydralisk x2  
  99  10:23  Hydralisk  
  115  10:29  Drone  
  115  10:30  Drone x4  
  120  10:47  Drone x2  
  120  10:48  Drone x2  
  120  10:49  Spore Crawler  
  123  10:50  Spore Crawler  
  123  10:51  Hydralisk  
  123  10:52  Hydralisk x2  
  128  11:08  Hydralisk x7  
  142  11:23  Zerg Ground Armor Level 1  
  141  11:33  Hydralisk x12  
  141  11:39  Lurker Den  
  165  11:51  Overlord x4  
  165  11:52  Overlord  
  165  12:43  Spire  
  164  12:47  Infestation Pit  
  163  12:52  Hatchery  
  162  13:06  Lurker x4  
  162  13:07  Lurker x7  
  162  13:08  Lurker  
  142  13:57  Extractor  
  142  14:01  Extractor  
Show
View Real Time Build Order
Export as new Build Order

KORlDarkness Zerg 

Build Orders: Hatch First 

Get SALT Encoding   

  12  0:01  Drone  
  13  0:09  Drone  
  14  0:17  Overlord  
  14  0:35  Drone x3  
  14  0:42  Extractor  
  16  0:46  Drone  
  17  1:05  Hatchery, Drone  
  17  1:09  Drone  
  18  1:19  Drone  
  18  1:24  Extractor  
  18  1:39  Drone  
  19  1:42  Spawning Pool  
  19  1:44  Drone  
  19  1:51  Drone  
  20  2:02  Drone  
  21  2:18  Drone  
  22  2:24  Drone  
  22  2:25  Drone  
  22  2:29  Metabolic Boost  
  24  2:34  Roach Warren, Drone  
  24  2:37  Queen  
  24  2:38  Drone  
  27  2:52  Overlord  
  27  2:57  Overlord  
  27  3:06  Overlord  
  27  3:10  Queen  
  30  3:12  Zergling x2  
  30  3:18  Zergling x2  
  30  3:19  Zergling x4  
  33  3:22  Zergling x2  
  34  3:29  Roach  
  36  3:51  Roach x2  
  36  3:52  Roach x3  
  36  3:53  Lair  
  46  4:00  Roach x2  
  50  4:04  Roach  
  52  4:17  Overlord x2  
  52  4:31  Evolution Chamber  
  52  4:33  Evolution Chamber, Drone x2  
  52  4:40  Roach  
  52  4:41  Roach x2  
  58  4:47  Drone x2  
  60  4:53  Drone x2  
  43  5:41  Zerg Missile Weapons Level 1, Hydralisk Den  
  38  5:42  Zerg Ground Armor Level 1  
  38  5:46  Drone x6  
  42  5:52  Extractor  
  42  5:54  Extractor  
  36  6:00  Overseer  
  36  6:10  Hydralisk  
  36  6:11  Hydralisk x8  
  54  6:32  Muscular Augments  
  54  6:37  Hatchery  
  54  6:38  Drone x4  
  43  6:55  Hydralisk x4  
  43  6:59  Hydralisk  
  49  7:09  Hydralisk x2  
  53  7:28  Drone x4  
  53  7:29  Drone  
  48  7:50  Hydralisk x4  
  48  7:51  Hydralisk x2  
  52  7:55  Hydralisk  
  52  7:57  Zergling x2  
  59  8:01  Zergling x6  
  62  8:06  Hydralisk  
  62  8:11  Hydralisk  
  66  8:18  Zerg Missile Weapons Level 2  
  66  8:28  Hydralisk x2  
  66  8:32  Queen  
  66  8:33  Drone x2  
  74  8:34  Overlord  
  74  8:53  Hydralisk x4  
  82  8:56  Overlord  
  82  8:58  Overlord x2  
  82  8:59  Overlord  
  81  9:24  Zerg Ground Armor Level 2  
  81  9:27  Zergling x10  
  81  9:28  Glial Reconstitution, Zergling x2  
  87  9:32  Overlord  
  87  9:33  Zergling x10  
  87  9:37  Drone x2  
  94  9:38  Drone  
  95  10:15  Spore Crawler  
  95  10:19  Spore Crawler  
  95  10:20  Drone x3  
  95  10:21  Drone x2  
  98  10:25  Hatchery  
  97  10:29  Spore Crawler  
  96  10:36  Spore Crawler  
  96  10:37  Spore Crawler, Drone  
  96  10:38  Drone x4  
  99  10:53  Drone x3  
  100  11:07  Extractor  
  100  11:08  Extractor  
  96  11:13  Spore Crawler  
  96  11:16  Drone  
  96  11:17  Drone  
  97  11:24  Infestation Pit  
  96  11:40  Queen  
  96  11:41  Drone  
  99  11:52  Drone  
  100  11:56  Hydralisk  
  100  11:57  Hydralisk x12  
  100  11:59  Overlord  
  100  12:00  Overlord x3  
  126  12:19  Hydralisk  
  126  12:20  Hydralisk x6  
  140  12:31  Hive  
  140  12:39  Drone x3  
  143  13:00  Drone  
  144  13:21  Drone x3  
  144  13:25  Extractor  
  146  13:27  Extractor  
  145  13:42  Drone  
  143  13:59  Hatchery, Ultralisk Cavern  
Tags
 
Add a new tag
Caveats
  • Supply blocks, unpowered buildings, or Contaminate may cause inaccurate times.
  • Supply counts are checked every 10 seconds.